 Dungeon Crawl Stone Soup version 0.20.0-15-g7f486f2 (webtiles) character file.

65 Merkmirnix the Magician (level 3, -4/31 HPs)
             Began as a Troll Wizard on July 1, 2017.
             Killed from afar by a frost-covered statue (11 damage)
             ... with a puff of frost
             ... on level 4 of the Dungeon on July 2, 2017.
             The game lasted 00:08:06 (1310 turns).

Merkmirnix the Magician (Troll Wizard)              Turns: 1310, Time: 00:08:06

Health: -4/31      AC:  5    Str: 15    XL:     3   Next: 92%
Magic:  5/5        EV: 10    Int: 15    God:
Gold:   99         SH:  0    Dex:  8    Spells: 4/7 levels left

rFire    . . .     SeeInvis .   j - +0 mace
rCold    . . .     Gourm    +   (no shield)
rNeg     . . .     Faith    .   a - +0 robe
rPois    .         Spirit   .   b - +0 hat
rElec    .         Reflect  .   (no cloak)
rCorr    .         Harm     .   (gloves unavailable)
MR       .....                  (boots unavailable)
Stlth    +.........             (no amulet)
Regen    0.5/turn               (no ring)
MPRegen  0.1/turn               (no ring)

@: no status effects
A: unfitting armour, claws 3, fast metabolism 3, gourmand, regeneration 1,
shaggy fur 1, tough skin 2
a: no special abilities


You were on level 4 of the Dungeon.
You were not hungry.

You visited 1 branch of the dungeon, and saw 3 of its levels.

You collected 99 gold pieces.

Inventory:

Hand Weapons
 j - a +0 mace (weapon)
Armour
 a - a +0 robe (worn)
 b - a +0 hat (worn)
Jewellery
 o - an uncursed amulet of guardian spirit {unknown}
Scrolls
 e - 4 scrolls of identify {unknown}
 h - a scroll of remove curse {unknown}
 i - a scroll of teleportation {unknown}
 k - a scroll of amnesia {unknown}
 l - a scroll of noise {unknown}
Potions
 g - 2 potions of flight {unknown}
 m - a potion of heal wounds {unknown}
 n - 2 potions of degeneration {unknown}
 q - a potion of experience {unknown}
 r - a potion of lignification {unknown}
Books
 c - a book of Minor Magic

   Spells                             Type                      Level
   a - Magic Dart                     Conjuration                  1
   b - Blink                          Translocation                2
   c - Call Imp                       Summoning                    2
   d - Slow                           Hexes                        2
   e - Conjure Flame                  Conjuration/Fire             3
   f - Mephitic Cloud                 Conjuration/Poison/Air       3
Comestibles
 d - 4 bread rations
 f - 3 fruits
 p - a royal jelly


   Skills:
 + Level 0.1 Fighting
 + Level 1.3 Maces & Flails
 + Level 1.9 Dodging
 + Level 1.2 Stealth
 + Level 0.2 Unarmed Combat
 + Level 2.5 Spellcasting
 + Level 0.6 Conjurations
   Level 0.6 Summonings
 + Level 0.6 Translocations


You had 4 spell levels left.
You knew the following spells:

 Your Spells              Type           Power        Failure   Level  Hunger
a - Magic Dart            Conj           #...         17%         1    #......
b - Blink                 Tloc           N/A          26%         2    ###....


Dungeon Overview and Level Annotations

Branches:
Dungeon (4/15)
 Temple: D:4-7

Altars:
Uskayaw
Vehumet

Annotations:
D:4 exclusion: statue


Innate Abilities, Weirdness & Mutations

You are too large for most types of armour.
You have claws for hands.
Your metabolism is lightning-fast.
You like to eat raw meat.
Your natural rate of healing is unusually fast.
You are covered in fur. (AC +1)
You have very tough skin. (AC +2)


Message History

You hit the frost-covered statue but do no damage.
You feel sick.
You hit the frost-covered statue.
The frost-covered statue is lightly damaged.
The frost-covered statue gestures at you.
The puff of frost hits you!
You hit the frost-covered statue.
The frost-covered statue is lightly damaged.
You hit the frost-covered statue but do no damage.
The frost-covered statue is lightly damaged.
You feel sick.
You are no longer poisoned.
The frost-covered statue gestures at you.
The puff of frost hits you!
* * * LOW HITPOINT WARNING * * *
You hit the frost-covered statue but do no damage.
The frost-covered statue is lightly damaged.
The frost-covered statue gestures at you.
The puff of frost hits you!
You die...

.#.. ..# ... ..#
#.###..#
##########..#.#.##
..................
#########.........
#..#########
#..#.......#
##.†..._@8.#
#.#.......#
#.######### #..
#.# #.. ###


You could see a frost-covered statue.

Vanquished Creatures
  3 adders
  An ooze (D:2)
  3 dart slugs
  2 leopard geckos (D:1)
  4 giant cockroaches
  2 goblins
  A hobgoblin (D:1)
  A quokka (D:2)
  2 bats
  2 frilled lizards
  4 kobolds (D:1)
  3 rats
28 creatures vanquished.

Notes
Turn   | Place    | Note
-------+----------+-------------------------------------------
     0 | D:1      | Merkmirnix the Troll Wizard began the quest for the Orb.
     0 | D:1      | Reached XP level 1. HP: 16/16 MP: 2/2
   191 | D:1      | Reached XP level 2. HP: 24/24 MP: 4/4
   199 | D:1      | Learned a level 2 spell: Blink
   680 | D:1      | Reached XP level 3. HP: 29/31 MP: 5/5
   892 | D:1      | Found a hide-covered altar of Uskayaw.
  1061 | D:2      | Reached skill level 1 in Maces & Flails
  1276 | D:2      | You fall through a shaft for 2 floors!
  1280 | D:4      | Found a radiant altar of Vehumet.
  1280 | D:4      | Noticed a frost-covered statue
  1310 | D:4      | Killed from afar by a frost-covered statue

Skill      XL: |  1  2  3 |
---------------+----------+-----
Maces & Flails | 1 |  1.3
Fighting       | |  0.1
Dodging        | |  1.9
Stealth        | |  1.2
Unarmed Combat | |  0.2
Spellcasting   | |  2.5
Conjurations   | |  0.6
Summonings     | |  0.6
Translocations | |  0.6

Action                   || total
-------------------------++-------
Melee: Mace              ||   137
       Unarmed           ||     3
  Eat: Chunk             ||     6
       Meat ration       ||     1
Armor: Robe              ||    69
Dodge: Dodged            ||   104
